Map: Abyssal Reef LE

Players

HuShang - Winner!

  • Race: Protoss Protoss
  • Spawn Location: 5:00

MaDSci

  • Race: Terran Terran
  • Spawn Location: 11:00

Event: WCS Montreal 2017

VOD

Have the link to the VOD?

Description

Time

  • Played on: Sept. 8, 2017, 12:46 p.m.
  • Length: 9:58

All games in this series

Show
View Real Time Build Order
Export as new Build Order

HuShang Protoss - Winner!

Build Orders: 1 Gate Expand, Oracle Opening, Colossus Rush 

Get SALT Encoding   

  12  0:01  Probe (Chrono Boost)  
  13  0:11  Probe (Chrono Boost)  
  14  0:18  Pylon  
  14  0:22  Probe (Chrono Boost)  
  15  0:36  Probe (Chrono Boost)  
  15  0:37  Gateway  
  15  0:42  Assimilator  
  16  0:47  Probe (Chrono Boost)  
  17  0:57  Probe (Chrono Boost)  
  18  1:08  Probe (Chrono Boost)  
  19  1:18  Nexus  
  19  1:28  Cybernetics Core  
  19  1:33  Probe (Chrono Boost)  
  19  1:38  Assimilator  
  20  1:43  Probe (Chrono Boost)  
  22  1:54  Probe (Chrono Boost)  
  22  2:05  Probe (Chrono Boost)  
  22  2:07  Pylon  
  23  2:25  Probe, Stargate, Adept (Chrono Boost)  
  23  2:29  Probe  
  26  2:30  Warp Gate  
  27  2:38  Probe  
  27  2:39  Probe  
  28  2:50  Probe  
  29  2:51  Adept (Chrono Boost)  
  29  2:53  Probe  
  30  3:02  Probe, Robotics Facility  
  30  3:05  Probe  
  32  3:13  Probe  
  32  3:17  Probe  
  32  3:18  Oracle (Chrono Boost)  
  37  3:24  Probe  
  38  3:29  Probe  
  38  3:34  Pylon  
  39  3:35  Probe  
  39  3:41  Probe  
  41  3:45  Probe  
  42  3:53  Probe  
  43  3:55  Robotics Bay  
  43  3:57  Probe  
  43  3:59  Assimilator  
  43  4:01  Assimilator  
  44  4:05  Probe  
  44  4:08  Gateway  
  45  4:10  Probe  
  45  4:12  Gateway  
  46  4:17  Probe  
  46  4:20  Probe  
  46  4:23  Warp Prism (Chrono Boost)  
  48  4:29  Probe  
  51  4:31  Probe  
  52  4:41  Probe  
  53  5:02  Extended Thermal Lance (Chrono Boost)  
  53  5:17  Nexus  
  53  5:18  Pylon  
  53  5:19  Pylon  
  53  5:20  Pylon  
  53  5:23  Twilight Council  
  53  5:29  Colossus  
  53  5:37  Mothership Core  
  53  5:38  Pylon  
  61  5:42  Adept x2  
  61  5:43  Adept  
  67  5:51  Gateway x2  
  67  5:55  Void Ray, Gateway  
  71  6:01  Blink (Chrono Boost)  
  71  6:04  Sentry  
  71  6:05  Sentry  
  75  6:19  Stalker  
  75  6:20  Colossus  
  75  6:25  Pylon  
  77  6:26  Pylon  
  77  6:31  Probe  
  77  6:32  Probe x2  
  85  6:35  Stalker  
  88  6:41  Probe  
  88  6:44  Probe x2, Adept  
  95  6:50  Adept  
  95  6:52  Probe  
  98  6:56  Probe  
  98  6:57  Probe  
  100  7:02  Stalker, Pylon  
  100  7:10  Disruptor  
  100  7:19  Stalker x5  
  113  7:26  Pylon  
  111  7:48  Stalker x3  
  111  7:49  Stalker x3  
  121  7:56  Pylon  
  121  7:59  Pylon  
  121  8:02  Pylon  
  121  8:03  Pylon  
  121  8:18  Zealot x5  
  121  8:19  Zealot  
  123  8:29  Pylon  
  121  8:30  Pylon  
  121  8:32  Pylon  
  121  9:42  Adept x6  
Show
View Real Time Build Order
Export as new Build Order

MaDSci Terran 

Build Orders: Reaper Expand, MMM Bio 

Get SALT Encoding   

  12  0:00  SCV  
  13  0:12  SCV  
  14  0:17  Supply Depot  
  14  0:24  SCV  
  15  0:39  SCV  
  15  0:41  Barracks  
  16  0:45  Refinery  
  16  0:51  SCV  
  17  1:03  SCV  
  18  1:15  SCV  
  19  1:27  Orbital Command  
  19  1:28  Reaper  
  20  1:43  Command Center  
  20  1:53  SCV  
  21  2:01  Barracks  
  21  2:05  SCV  
  22  2:15  Factory  
  22  2:17  SCV  
  23  2:23  Barracks Reactor  
  23  2:26  Supply Depot  
  23  2:48  SCV  
  24  2:53  Barracks Tech Lab  
  24  2:58  Orbital Command  
  24  2:59  Refinery  
  24  3:00  SCV  
  24  3:03  Marine x2  
  27  3:12  Marine, Stimpack, SCV  
  29  3:19  Refinery  
  29  3:21  Marine  
  29  3:24  SCV  
  29  3:26  SCV  
  32  3:28  Marine  
  32  3:30  Marine, Factory Reactor  
  34  3:38  Starport  
  34  3:40  SCV  
  34  3:41  SCV  
  36  3:46  Marine x2  
  39  3:49  Marauder  
  39  3:51  Factory Reactor  
  39  3:53  SCV x2  
  42  3:59  Supply Depot  
  42  4:03  Marine x2  
  42  4:05  SCV  
  45  4:10  SCV  
  45  4:12  Barracks  
  46  4:21  Marine, SCV, Marauder  
  46  4:22  Supply Depot  
  50  4:24  Marine  
  50  4:26  SCV  
  52  4:32  Medivac  
  54  4:40  Supply Depot  
  54  4:42  Marine  
  54  4:44  Medivac, Marine, SCV  
  55  4:54  Engineering Bay  
  55  4:56  SCV x2  
  55  4:57  Marine  
  58  5:00  Marine, Factory Reactor  
  58  5:02  Marine  
  58  5:06  Medivac  
  62  5:09  SCV x2  
  64  5:15  Supply Depot  
  64  5:20  Medivac  
  66  5:23  Combat Shields  
  66  5:26  Terran Infantry Weapons Level 1  
  66  5:32  Marauder  
  66  5:34  SCV x2  
  70  5:39  Missile Turret  
  70  5:43  Marine x2  
  70  5:47  Supply Depot  
  70  5:48  SCV  
  73  5:51  SCV  
  73  5:53  Marine  
  73  5:54  Missile Turret  
  75  6:07  Marine x2  
  75  6:08  SCV  
  75  6:09  Medivac  
  82  6:11  Marauder  
  82  6:13  Refinery  
  82  6:23  Medivac  
  82  6:24  Marine x2  
  86  6:27  Supply Depot  
  86  6:36  Barracks  
  86  6:48  Medivac  
  86  6:49  Marine, Marauder  
  91  6:55  Viking  
  91  7:00  Barracks Tech Lab  
  93  7:01  Marine  
  94  7:12  Marine, Marauder  
  83  7:18  Viking  
  83  7:19  Marine  
  83  7:20  Supply Depot  
  86  7:24  Missile Turret  
  86  7:25  Viking  
  86  7:28  Barracks Reactor  
  88  7:30  Marine  
  88  7:34  Marauder  
  90  7:37  Marine  
  89  7:47  Marine  
  89  7:48  Viking  
  92  7:55  Marine, Marauder  
  94  7:59  Marauder  
  94  8:04  Medivac  
  98  8:05  Marine  
  98  8:06  SCV x2  
  99  8:12  Marine  
  99  8:16  Marine  
  99  8:18  Medivac  
  99  8:19  Marine  
  94  8:22  Marine x2  
  94  8:23  Marine  
  81  8:30  Marine  
  81  8:34  Medivac, Marine  
  81  8:37  Marine  
  81  8:40  Marine  
  81  8:52  Marauder  
Tags
 
Add a new tag
Caveats
  • Supply blocks, unpowered buildings, or Contaminate may cause inaccurate times.
  • Supply counts are checked every 10 seconds.